 Dungeon Crawl Stone Soup version 0.31-a0-435-g2c6fae2916 (webtiles) character file.

Game seed: 14778509507757277486

4687 senseless the Mimic (level 10, -1/69 HPs)
             Began as an Octopode Shapeshifter on Aug 1, 2023.
             Was a Priest of the Shining One.
             Slain by a gnoll
             ... wielding a +0 whip
             ... led by a gnoll bouda
              (6 damage)
             ... on level 9 of the Dungeon.
             The game lasted 00:20:51 (8561 turns).

senseless the Mimic (Octopode Shapeshifter)         Turns: 8561, Time: 00:20:52

Health: -1/69      AC:  1    Str: 18    XL:     10   Next: 44%
Magic:  10/10      EV: 16    Int: 11    God:    the Shining One [***...]
Gold:   359        SH:  0    Dex: 13    Spells: 9/9 levels left

rFire   + .          .
                       - Unarmed
rCold   . . .        (no shield)
rNeg    + . .        (helmet currently unavailable)
rPois   .            z - amulet of the acrobat
rElec   .            c - ring of protection from cold
rCorr   .            s - +4 ring of slaying
SInv    .            r - ring of fire
Will    .....        (no ring)
Stlth   +            (no ring)
HPRegen 0.31/turn    (no ring)
MPRegen 0.12/turn    (no ring)
                     (no ring)

%: acrobat
@: beast-form, glowing
A: beast (slay +6), almost no armour, amphibious, 8 rings, camouflage 1,
gelatinous body 1, (nimble swimmer 1), tentacles
a: Begin Untransformation, Renounce Religion, Divine Shield, Cleansing Flame


You were on level 9 of the Dungeon.
You worshipped the Shining One.
The Shining One was most pleased with you.
You were a hulking beast.
You visited 2 branches of the dungeon, and saw 10 of its levels.

You collected 553 gold pieces.
You spent 194 gold pieces at shops.

Inventory:

Hand Weapons
 e - a +0 dagger of speed
 k - a +1 mace of holy wrath
 w - a +4 battleaxe
 x - a +5 battleaxe of freezing
 y - a +4 falchion
 E - a +4 scimitar of flaming
Missiles
 l - 2 javelins
Armour
 u - a +1 hat
Jewellery
 c - a ring of protection from cold (left tentacle)
 r - a ring of fire (on tentacle)
 s - a +4 ring of slaying (right tentacle)
 z - an amulet of the acrobat (around mantle)
Talismans
 b - a beast talisman (active)
Wands
 p - a wand of flame (36) (quivered)
 q - a wand of mindburst (29)
 t - a wand of charming (8)
 B - a wand of digging (2)
 D - a wand of iceblast (4)
Scrolls
 f - a scroll of immolation
 i - a scroll of blinking
 o - a scroll of enchant weapon
 A - a scroll of brand weapon
Potions
 a - a potion of lignification
 d - a potion of brilliance
 g - a potion of cancellation
 h - 2 potions of berserk rage
 j - 6 potions of curing
 m - a potion of resistance {unknown}
 n - 4 potions of haste {unknown}
 v - 2 potions of attraction {unknown}
 C - 2 potions of ambrosia {unknown}


   Skills:
 + Level 6.7 Fighting
 + Level 7.0 Dodging
 + Level 7.4 Unarmed Combat
 * Level 8.6 Shapeshifting


You had 9 spell levels left.
You didn't know any spells.
Your spell library contained the following spells:

 Spells                   Type           Power      Damage    Failure   Level
 Freeze                   Ice            0%         1d3       34%         1
 Summon Small Mammal      Summ           0%         N/A       34%         1
 Blink                    Tloc           0%         N/A       47%         2
 Poisonous Vapours        Pois/Air       0%         N/A       47%         2
 Call Canine Familiar     Summ           0%         N/A       71%         3
 Frozen Ramparts          Ice            0%         1d1       71%         3
 Hailstorm                Conj/Ice       0%         3d3       71%         3
 Mephitic Cloud           Conj/Pois/Air  0%         N/A       71%         3
 Summon Guardian Golem    Hex/Summ       0%         N/A       71%         3
 Animate Dead             Necr           0%         N/A       98%         4
 Cause Fear               Hex            0%         N/A       98%         4
 Manifold Assault         Tloc           0%         N/A       98%         4
 Borgnjor's Vile Clutch   Necr/Erth      0%         N/A       100%        5
 Fireball                 Conj/Fire      0%         3d3       100%        5
 Freezing Cloud           Conj/Ice/Air   0%         6-21      100%        5
 Death Channel            Necr           0%         N/A       100%        6
 Dragon's Call            Summ           0%         N/A       100%        9


Dungeon Overview and Level Annotations

Branches:
Dungeon (9/15)             Temple (1/1) D:5
   Lair: D:8-11         Orc: D:9-12

Altars:
Ashenzari
Cheibriados
Dithmenos
Elyvilon
Fedhas
Gozag
Hepliaklqana
Kikubaaqudgha
Nemelex Xobeh
Okawaru
Qazlal
Ru
Sif Muna
Trog
Uskayaw
Vehumet
Wu Jian
Xom
Yredelemnul
Zin
The Shining One

Shops:
D:7 *


Innate Abilities, Weirdness & Mutations

You are a hulking beast.
Your limbs bulge with bestial killing power. (Slay +6)
You cannot wear most types of armour.
You are amphibious.
You can wear up to eight rings at the same time.
Your skin changes colour to match your surroundings (Stealth+).
Your rubbery body absorbs attacks. (AC +1, EV +1)
((You are camouflaged when in or above water. (Stealth+)))
You have tentacles for arms and can constrict up to eight enemies at once.


Message History

You constrict the gnoll bouda. The gnoll misses you. x2
The gnoll closely misses you. The gnoll bouda closely misses you.
The gnoll barely misses you.
You bludgeon the gnoll bouda!
You kill the gnoll bouda!
The Shining One accepts your kill.
You can now channel blasts of cleansing flame.
The gnoll hits you with a +0 spear! The gnoll barely misses you.
The gnoll closely misses you.
You tentacle-slap the gnoll. Your grab misses the gnoll. You squeeze the gnoll!
You kill the gnoll!
The gnoll hits you from afar with a +0 spear.
The gnoll barely misses you. The gnoll hits you with a +0 club.
You tentacle-slap the gnoll but do no damage.
You grab the gnoll. You constrict the gnoll. The gnoll barely misses you.
The gnoll hits you from afar with a +0 spear!
You are too injured to fight recklessly!
You are too injured to fight recklessly!
You are too injured to fight recklessly!
Unknown command.
You are too injured to fight recklessly!
You are too injured to fight recklessly!
You release your grip on the gnoll.
The gnoll attacks as you move away! The gnoll misses you.
Your attacks no longer feel as feeble.
The gnoll completely misses you.
You barely miss the gnoll. You grab the gnoll. You constrict the gnoll.
The gnoll barely misses you.
The gnoll hits you from afar with a +0 spear!
The gnoll barely misses you. The gnoll hits you with a +0 whip.
* * * LOW HITPOINT WARNING * * *
You barely miss the gnoll. You grab the gnoll.
The gnoll is lightly wounded.
You constrict the gnoll. x2
The gnoll hits you from afar with a +0 halberd!
* * * LOW HITPOINT WARNING * * *
The gnoll hits you from afar with a +0 spear.
* * * LOW HITPOINT WARNING * * *
The gnoll closely misses you. The gnoll hits you with a +0 whip.
You die...

...# #..# ..#
...# #..# #..#
...# #..# #..#
...# #..# #..#
...# #..# #..#
...#
#..#####..#####.
...#
#...............
...#
#...............
...#
#..#####hg#####
...# #..# #.g#
...######..#
#gg#
...........#
#).#
...........#
#....
...######..#
#...... ...#
#..# #..#####
...# #..# #..#
...######..#
#..#


You could see 4 gnolls.

Vanquished Creatures
  Erica (D:8)
  A hornet (D:9)
  Edmund (D:4)
  Menkaure (D:4)
  The ghost of kaychamo the Sneak, an amateur OpBr (D:4)
  A water moccasin (D:7)
  Duvessa (D:6)
  An orc warrior (D:5)
  An ice beast (D:7)
  2 sky beasts
  2 black bears
  2 ogres
  Blork the orc (D:4)
  5 bullfrogs
  A gnoll sergeant (D:7)
  A scorpion (D:4)
  Dowan (D:6)
  12 wights (D:7)
  4 howler monkeys
  3 jellies
  2 hounds
  8 orc priests
  3 gnoll boudas
  Jessica (D:3)
  2 iguanas
  Ijyb (D:3)
  Natasha (thrice) (D:3)
  9 orc wizards
  15 gnolls
  11 adders
  2 white imps
  3 worms
  4 dart slugs
  37 orcs
  9 endoplasms
  3 giant cockroaches
  8 goblins
  9 hobgoblins
  11 jackals
  3 quokkas
  5 ball pythons
  3 bats
  4 frilled lizards
  6 kobolds
  3 rats
208 creatures vanquished.

Notes
Turn   | Place    | Note
-------+----------+-------------------------------------------
     0 | D:1      | senseless the Octopode Shapeshifter began the quest for the
                  | Orb.
     0 | D:1      | Reached XP level 1. HP: 13/13 MP: 1/1
   114 | D:1      | Reached XP level 2. HP: 18/18 MP: 2/2
   253 | D:1      | Found a faded altar of an unknown god.
   306 | D:1      | Reached XP level 3. HP: 23/23 MP: 3/3
   787 | D:2      | Reached XP level 4. HP: 29/29 MP: 4/4
  1167 | D:2      | You fall into a shaft and drop 1 floor!
  1819 | D:3      | Noticed Ijyb
  1828 | D:3      | Killed Ijyb
  1829 | D:3      | Reached XP level 5. HP: 22/34 MP: 5/5
  2094 | D:3      | Noticed Natasha
  2164 | D:3      | Noticed Jessica
  2171 | D:3      | Killed Jessica
  2172 | D:3      | Reached skill level 4 in Shapeshifting
  2509 | D:3      | Killed Natasha
  2567 | D:3      | Reached XP level 6. HP: 32/41 MP: 6/6
  2618 | D:3      | Found a sacrificial altar of Ru.
  2764 | D:3      | Found a glowing golden altar of the Shining One.
  2904 | D:3      | Noticed Natasha
  2910 | D:3      | Killed Natasha
  2974 | D:3      | Noticed Natasha
  2979 | D:3      | Killed Natasha
  3220 | D:3      | Became a worshipper of the Shining One
  3321 | D:4      | Noticed Menkaure
  3326 | D:4      | Killed Menkaure
  3327 | D:4      | Reached XP level 7. HP: 46/46 MP: 7/7
  3367 | D:4      | Noticed Edmund
  3376 | D:4      | Killed Edmund
  3377 | D:4      | Reached skill level 5 in Shapeshifting
  3630 | D:4      | Noticed Blork the orc
  3644 | D:4      | Killed Blork the orc
  3932 | D:4      | Noticed kaychamo's ghost (amateur OpBr)
  4026 | D:4      | Found a white marble altar of Elyvilon.
  4128 | D:4      | Found a runed translucent gate.
  4128 | D:4      | Found a runed translucent gate.
  4128 | D:4      | Found a runed translucent gate.
  4320 | D:4      | Found an ornate altar of the Wu Jian Council.
  4406 | D:4      | Reached XP level 8. HP: 47/54 MP: 8/8
  4409 | D:4      | Killed kaychamo's ghost
  4410 | D:4      | Reached skill level 5 in Unarmed Combat
  4481 | D:5      | Entered Level 5 of the Dungeon
  4540 | D:5      | Reached skill level 6 in Shapeshifting
  4671 | D:5      | Identified the +1 leather armour "Ezaih" {Int+4}
  4702 | D:5      | Reached skill level 5 in Dodging
  4710 | D:5      | Reached * piety under the Shining One
  4869 | D:5      | Found a snail-covered altar of Cheibriados.
  5085 | D:5      | Reached XP level 9. HP: 47/60 MP: 9/9
  5182 | D:5      | Identified the +0 pair of boots "Igoilut" {rElec rC++ rCorr
                  | Str+3}
  5212 | D:5      | Found an opulent altar of Gozag.
  5300 | D:5      | Reached skill level 5 in Fighting
  5393 | D:5      | Found a staircase to the Ecumenical Temple.
  5402 | Temple   | Entered the Ecumenical Temple
  5676 | D:6      | Noticed Duvessa
  5676 | D:6      | Noticed Dowan
  5691 | D:6      | Killed Duvessa
  5692 | D:6      | Killed Dowan
  5722 | D:6      | Reached skill level 7 in Shapeshifting
  6220 | D:6      | Found a stormy altar of Qazlal.
  6537 | D:7      | Reached ** piety under the Shining One
  6564 | D:7      | Found a bloodstained altar of Trog.
  7124 | D:7      | Found Osecho's Assorted Antiques.
  7275 | D:7      | Bought a scroll labelled SEADI GAFUR for 26 gold pieces
  7275 | D:7      | Bought a scroll of identify for 52 gold pieces
  7275 | D:7      | Bought a scroll labelled NOOSESKEDGH for 26 gold pieces
  7533 | D:8      | Reached XP level 10. HP: 53/68 MP: 10/10
  7537 | D:8      | Reached skill level 8 in Shapeshifting
  7778 | D:8      | Found Zin's Purification Station.
  7783 | D:8      | Found a glowing silver altar of Zin.
  7811 | D:8      | Bought a potion of curing for 90 gold pieces
  7995 | D:8      | Noticed Erica
  8002 | D:8      | Killed Erica
  8555 | D:9      | Reached *** piety under the Shining One
  8561 | D:9      | Slain by a gnoll

Illustrated notes

Levels and vault maps discovered:
D:1:      minmay_arrival_hallway, layout_basic,
          hellmonk_ecumenical_altar_zigzags, hangedman_decor_growths
D:2:      layout_basic
D:3:      layout_basic, nicolae_ru_sacrificial_ziggurat,
          mainiacjoe_overflow_paths, uniq_ijyb, uniq_jessica, uniq_natasha
D:4:      layout_basic, lemuel_round_altar, elyvilon_altar_1,
          gammafunk_ghost_split, minmay_gold_behind_fungi, uniq_blork_the_orc,
          uniq_edmund, uniq_menkaure
D:5:      layout_basic, grunt_gozag_statues, cheibriados_altar_1,
          lemuel_temple_firewalk_b, hangedman_abyss_or_decor_stagger,
          serial_park_tiny_1, patterned_corridor
D:6:      layout_cave_pods, amcnicky_altar_gilded, uniq_duvessa
D:7:      layout_cave_pools, lemuel_crystal_altar, serial_shops,
          nicolae_shop_temple_entry_statues_fountains, minmay_misc_feat_cross,
          amcnicky_mini_pool_small
D:8:      layout_loops_cross, zin_purify, uniq_erica
D:9:      layout_small_grid, erik_lair_island
Temple:   hellmonk_temple_two_chambers

Skill      XL: |  1  2  3  4  5  6  7  8  9 10 |
---------------+-------------------------------+-----
Fighting       | 2 3 4 6 |  6.7
Dodging        | 3 4 5 6 7 |  7.0
Shapeshifting  | 4 5 6 7 8 |  8.6
Unarmed Combat | 4 5 6 7 |  7.4

Action                     |  1- 3 |  4- 6 |  7- 9 | 10-12 || total
---------------------------+-------+-------+-------+-------++-------
  Melee: Unarmed           |    58 |   100 |   182 |    59 ||   399
         Tentacles         |     8 |    18 |    53 |    16 ||    95
         Constrict         |    12 |    22 |    61 |    23 ||   118
         Punch             |     1 |     8 |     7 |     1 ||    17
  Evoke: Wand              |       |       |    30 |     1 ||    31
    Use: Scroll            |       |     6 |    10 |     2 ||    18
   Stab: Sleeping          |     7 |     7 |       |       ||    14
 Armour: Skin              |     4 |     1 |     8 |       ||    13
  Dodge: Dodged            |    27 |    54 |    93 |    60 ||   234

Table legend: (Time is in decaauts)
 A = Elapsed time spent in this place.
 B = Non-inter-level travel time spent in this place.
 C = Inter-level travel time spent in this place.
 D = Time resting spent in this place.
 E = Time spent auto-exploring this place.
 F = Levels seen in this place.
 G = Mean time per level.
                   A        B        C        D        E       F      G
               +--------+--------+--------+--------+--------+-----+--------+
         Total |   8522 |   8076 |    446 |    467 |   6388 |  10 |  852.2 |
       Dungeon |   8521 |   8076 |    445 |    467 |   6388 |   9 |  946.8 |
        Temple |      1 |      0 |      1 |      0 |      0 |   1 |    1.0 |
               +--------+--------+--------+--------+--------+-----+--------+

Top non-repeatable levels by time:
     D:3: 1404 daAuts
     D:2: 1233 daAuts
     D:5: 1185 daAuts
     D:4: 1167 daAuts
     D:7: 1021 daAuts
     D:8: 966 daAuts
     D:6: 817 daAuts
     D:1: 663 daAuts
     D:9: 61 daAuts
  Temple: 1 daAuts
